 Dungeon Crawl Stone Soup version 0.30-a0-852-g08b95dd62f (webtiles) character file.

Game seed: 9247652429595268732

95 Firecrotchwizard the Insei (level 4, -3/24 HPs)
             Began as a Vine Stalker Monk on Mar 4, 2023.
             Killed from afar by Ijyb (10 damage)
             ... with a bolt of acid
             ... on level 3 of the Dungeon.
             The game lasted 00:05:49 (2588 turns).

Firecrotchwizard the Insei (Vine Stalker Monk)      Turns: 2588, Time: 00:05:49

Health: -3/24      AC:  3    Str: 16    XL:     4   Next: 65%
Magic:  0/5        EV: 10    Int: 10    God:
Gold:   145        SH:  0    Dex: 16    Spells: 3/3 levels left

rFire   . . .      SeeInvis .    p - +3 dagger of Xazifat {freeze, rPois}
rCold   . . .      Faith    .    (no shield)
rNeg    . . .      Spirit   +    m - +1 scale mail
rPois   +          Reflect  .    (no helmet)
rElec   .          Rampage  .    (no cloak)
rCorr   .                        (no gloves)
Will    .....                    (no boots)
Stlth   +                        (no amulet)
HPRegen 1.04/turn                (no ring)
MPRegen 0.09/turn                (no ring)

@: corroded
A: fangs 2, regeneration 1, magic shield, antimagic bite, no potion heal 2
a: no special abilities


You were on level 3 of the Dungeon.
You visited 1 branch of the dungeon, and saw 3 of its levels.

You collected 145 gold pieces.

Inventory:

Hand Weapons
 p - the +3 dagger of Xazifat (weapon) {freeze, rPois}
   (You found it on level 2 of the Dungeon)

   rPois:     It protects you from poison.
Missiles
 s - 23 stones (quivered)
Armour
 a - a +0 robe
 e - a +0 buckler
   (You found it on level 1 of the Dungeon)
 h - a scarf of resistance
   (You found it on level 2 of the Dungeon)
 k - a +0 chain mail
   (You found it on level 2 of the Dungeon)
 m - a +1 scale mail (worn)
   (You found it on level 2 of the Dungeon)
Scrolls
 c - a scroll of identify {@r1}
 f - a scroll of torment {!r}
Potions
 b - a potion of resistance {unknown}
 d - 2 potions of cancellation
 l - 2 potions of degeneration {unknown}
 n - a potion of haste {unknown}
 q - a potion of heal wounds {unknown}
 G - a potion of ambrosia {!q}
 J - 3 potions of curing {@q1}


   Skills:
 + Level 3.5 Fighting
 - Level 2.4 Dodging
 - Level 2.4 Stealth
 * Level 4.6 Unarmed Combat


You had 3 spell levels left.
You didn't know any spells.
Your spell library contained the following spells:

 Spells                   Type           Power      Damage    Failure   Level
 Freeze                   Ice            0%         1d3       82%         1
 Ensorcelled Hibernation  Hex/Ice        0%         N/A       91%         2
 Frozen Ramparts          Ice            0%         1d1       99%         3
 Hailstorm                Conj/Ice       0%         3d3       99%         3
 Spider Form              Tmut/Pois      0%         N/A       99%         3
 Anguish                  Hex/Necr       0%         N/A       100%        4


Dungeon Overview and Level Annotations

Branches:
Dungeon (3/15)

Altars:
Cheibriados

Annotations:
D:3 Ijyb


Innate Abilities, Weirdness & Mutations

You have extremely sharp teeth.
Your natural rate of healing is unusually fast.
When hurt, damage is shared between your health and your magic reserves.
Your bite disrupts and absorbs the magic of your enemies.
Potions cannot restore your health.


Message History

There is a stone staircase leading down here.
A frilled lizard comes into view.
Health restored: 24; MP restored: 5 A frilled lizard is nearby!
The frilled lizard barely misses you.
You hit the frilled lizard.
The frilled lizard seems to slow down.
You freeze the frilled lizard.
You kill the frilled lizard!
You see here a frilled lizard corpse.
You now have 111 gold pieces (gained 11).
You see here a +0 hand axe.
You pick up a book of Dreams and begin reading...
You add the spells Ensorcelled Hibernation, Spider Form and Anguish to your library.
A bat comes into view.
The bat closely misses you. The bat hits you.
You take 1 damage, and have 23/24 hp.
You hit the bat. You freeze the bat.
You kill the bat!
Health restored: 24 You now have 127 gold pieces (gained 16).
You see here a bat corpse.
J - 3 potions of curing {@q1} (gained 1)
You see here a +0 scale mail.
A sourceless malevolence fills the Dungeon... and a teleportation trap spontaneously manifests!
You are yanked towards a nearby monster!
Your surroundings suddenly seem different.
A rat comes into view.
You hit the rat. You freeze the rat.
You kill the rat!
c - a scroll of identify {@r1} You now have 136 gold pieces (gained 9).
You now have 145 gold pieces (gained 9).
A hobgoblin comes into view.
The hobgoblin shouts!
Ijyb the Twisted Goblin comes into view.
She is wielding a +0 dagger and carrying a wand of acid (5).
Okay, then.
You start waiting.
A hobgoblin is nearby!
You hit the hobgoblin. You freeze the hobgoblin.
You kill the hobgoblin!
You start waiting.
Ijyb is nearby!
You see here a hobgoblin corpse.
Ijyb zaps a wand.
The bolt of acid hits you!
You take 10 damage, and have 14/24 hp.
MASSIVE DAMAGE!!
You now have 3/5 mp.
You barely miss Ijyb. Your bite misses Ijyb. Ijyb hits you but does no damage.
You closely miss Ijyb. Your bite misses Ijyb. Ijyb hits you but does no damage.
You hit Ijyb but do no damage. Ijyb hits you but does no damage.
Unknown command.
You closely miss Ijyb. You bite Ijyb, but do no damage.
Ijyb zaps a wand.
The bolt of acid misses you.
You hit Ijyb. You freeze Ijyb. Ijyb screams, "Me stronger than you!"
Ijyb hits you with a +0 dagger.
You take 1 damage, and have 17/24 hp.
You hit Ijyb. You freeze Ijyb. You bite Ijyb, but do no damage.
Ijyb hits you with a +0 dagger.
You take 2 damage, and have 15/24 hp.
Unknown command.
You hit Ijyb but do no damage. You bite Ijyb, but do no damage.
Ijyb hits you but does no damage.
You closely miss Ijyb.
Ijyb zaps a wand.
The bolt of acid hits you!
You take 5 damage, and have 11/24 hp.
MASSIVE DAMAGE!!
You now have 2/5 mp.
Okay, then.
You completely miss Ijyb. Your bite misses Ijyb.
Ijyb zaps a wand.
The bolt of acid hits you!
* * * LOW HITPOINT WARNING * * *
The acid corrodes you!
You take 6 damage, and have 5/24 hp.
MASSIVE DAMAGE!!
You now have 0/5 mp.
You hit Ijyb but do no damage. You bite Ijyb, but do no damage.
Ijyb hits you with a +0 dagger.
* * * LOW HITPOINT WARNING * * *
You take 3 damage, and have 2/24 hp.
You barely miss Ijyb. Ijyb barely misses you.
You barely miss Ijyb. You bite Ijyb, but do no damage. Ijyb barely misses you.
Unknown command.
You hit Ijyb. You freeze Ijyb. Ijyb closely misses you.
You regained 2 hp, and now have 6/24 hp.
You hit Ijyb but do no damage. Your bite misses Ijyb. Ijyb barely misses you.
You barely miss Ijyb. Ijyb hits you with a +0 dagger.
* * * LOW HITPOINT WARNING * * *
You hit Ijyb but do no damage. You bite Ijyb, but do no damage.
Ijyb hits you with a +0 dagger.
* * * LOW HITPOINT WARNING * * *
You take 1 damage, and have 6/24 hp.
You completely miss Ijyb. Your bite misses Ijyb.
Ijyb zaps a wand.
The bolt of acid hits you!
You die...

#..# #<..........#...
#.#####.####..#.#.....
........# #..........#
.##########.......#...
.### ##..........#.#
...# #...##........##
...####...............
............##..g#..#.
...#......#####.@#..#
.....##.### ##.†.# .#
.....##.# ###..#....#
##<.##..# #...##.......
...###.####.####.......
######.###..# #.......
.......##..## ........
..........## ........
.........## .......


You could see Ijyb.

Vanquished Creatures
  3 adders (D:2)
  3 worms
  A dart slug (D:3)
  5 ball pythons
  6 bats
  5 endoplasms
  2 giant cockroaches (D:1)
  3 goblins (D:1)
  3 hobgoblins
  3 jackals (D:2)
  4 quokkas
  5 frilled lizards
  7 kobolds
  8 rats
58 creatures vanquished.

Notes
Turn   | Place    | Note
-------+----------+-------------------------------------------
     0 | D:1      | Firecrotchwizard the Vine Stalker Monk began the quest for
                  | the Orb.
     0 | D:1      | Reached XP level 1. HP: 11/11 MP: 2/2
     3 | D:1      | Noticed an electric eel
     4 | D:1      | Noticed an electric eel
   164 | D:1      | Reached XP level 2. HP: 11/16 MP: 3/3
   346 | D:1      | Reached skill level 3 in Fighting
   593 | D:1      | Reached XP level 3. HP: 15/20 MP: 2/4
  1225 | D:2      | Reached skill level 4 in Unarmed Combat
  1714 | D:2      | Identified the +3 dagger of Xazifat {freeze, rPois}
  1744 | D:2      | Gained mutation: Your natural rate of healing is unusually
                  | fast. [Vine Stalker growth]
  1744 | D:2      | Reached XP level 4. HP: 24/24 MP: 3/5
  2344 | D:3      | Found a snail-covered altar of Cheibriados.
  2531 | D:3      | Noticed Ijyb
  2580 | D:3      | HP: 5/24 [Ijyb/bolt of acid (7)]
  2581 | D:3      | HP: 2/24 [Ijyb/+0 dagger (4)]
  2587 | D:3      | HP: 6/24 [Ijyb/+0 dagger (2)]
  2588 | D:3      | Killed from afar by Ijyb

Illustrated notes

Levels and vault maps discovered:
D:1:      arrival_aquarium_b, layout_basic
D:2:      layout_loops_corners
D:3:      layout_rooms, cheibrodos_worm_habitat, serial_corexii_hall,
          corexii_hall_statues_l, corexii_hall_statues_l,
          chequers_ecumenical_altar_simple,
          wander_ebering_terrifying_dragon_lair, uniq_natasha, uniq_ijyb

Skill      XL: |  1  2  3 |
---------------+----------+-----
Fighting       | 3 |  3.5
Unarmed Combat | 4 |  4.6
Dodging        | |  2.4
Stealth        | |  2.4

Action                     |  1- 3 |  4- 6 || total
---------------------------+-------+-------++-------
  Melee: Unarmed           |   124 |       ||   124
         Bite              |    31 |    15 ||    46
         Dagger            |     6 |    58 ||    64
         Punch             |     1 |     2 ||     3
    Use: Scroll            |       |     6 ||     6
   Stab: Sleeping          |     4 |       ||     4
 Armour: Robe              |    27 |       ||    27
         Scale mail        |     8 |    16 ||    24
  Dodge: Dodged            |    71 |    20 ||    91

Table legend: (Time is in decaauts)
 A = Elapsed time spent in this place.
 B = Non-inter-level travel time spent in this place.
 C = Inter-level travel time spent in this place.
 D = Time resting spent in this place.
 E = Time spent auto-exploring this place.
 F = Levels seen in this place.
 G = Mean time per level.
                   A        B        C        D        E       F      G
               +--------+--------+--------+--------+--------+-----+--------+
         Total |   2588 |   2472 |    116 |    105 |   1685 |   3 |  862.7 |
       Dungeon |   2588 |   2472 |    116 |    105 |   1685 |   3 |  862.7 |
               +--------+--------+--------+--------+--------+-----+--------+

Top non-repeatable levels by time:
     D:1: 1086 daAuts
     D:2: 1050 daAuts
     D:3: 451 daAuts

Table legend:
 A = Kills in this place as a percentage of kills in the entire game.
 B = Kills by you in this place as a percentage of kills by you in the entire game.
 C = Kills by friends in this place as a percentage of kills by friends in the entire game.
 D = Other kills in this place as a percentage of other kills in the entire game.
 E = Experience gained in this place as a percentage of experience gained in the entire game.
 F = Experience gained in this place divided by the number of levels of this place that you have seen.
                   A       B       C       D       E      F
               +-------+-------+-------+-------+-------+----------------------
         Total | 100.0 | 100.0 |   N/A |   N/A | 100.0 |  45.3
       Dungeon | 100.0 | 100.0 |   N/A |   N/A | 100.0 |  45.3
               +-------+-------+-------+-------+-------+----------------------
